[Event "*** Titled Tuesday Blitz"]
[Site "Chess.com"]
[Date "2020.05.05"]
[Round "8"]
[White "ChessTraining77"]
[Black "TheBigBoss04"]
[Result "0-1"]
[WhiteElo "2542"]
[BlackElo "2716"]
[TimeControl "180+1"]
[EndTime "11:35:19 PDT"]
[Termination "TheBigBoss04 won by resignation"]

1. e4 g6 2. d4 Bg7 3. Nf3 d6 4. c3 Nf6 5. Bd3 O-O 6. O-O Nc6 7. h3 e5 8. Re1 a6 9. a4 a5 10. Na3 Nd7 11. Nc2 exd4 12. cxd4 Nb6 13. b3 Bd7 14.
Bb2 d5 15. e5 Be6 16. Ne3 Nb4 17. Bf1 c5 18. dxc5 Nd7 19. Ng4 Bxg4 20. hxg4 Nxc5 21. Nd4 Rc8 22. Nb5 Ne4 23. g3 Nc2 24. Bg2 Nxe1 25. Qxe1 Rc2 26. Bd4 Re8 27. Bxe4 dxe4 28. Qxe4 Rc6 29.
Re1 Qd7 30. Qf4 Rce6 31. Re3 Qc6 32. Nd6 Rf8 33. g5 Qd5 34. Kh2 Rxd6 35. exd6 Qxd4 36. Qxd4 Bxd4 37. Re4 Bc5 38. d7 Bb6 39. Re8 Kg7 40.
f4 Bd8 41. Kg2 f6 42. gxf6+ Bxf6 43. Rc8 Bd8 44. Rc5 Kf7 45. Rb5 b6 46. Re5 Bf6 0-1

[Event "*** Titled Tuesday Blitz"]
[Site "Chess.com"]
[Date "2020.05.05"]
[Round "8"]
[White "Gerasimenyuk_Miha"]
[Black "pollo2016"]
[Result "0-1"]
[WhiteElo "2347"]
[BlackElo "2575"]
[TimeControl "180+1"]
[EndTime "11:35:19 PDT"]
[Termination "pollo2016 won by resignation"]

1. d4 Nf6 2. Nf3 g6 3. Bg5 Bg7 4. Nbd2 O-O 5. e3 d6 6. Bd3 Nbd7 7. h4 h6 8. h5 Nxh5 9. Bxh6 Bxh6 10. g4 Ndf6 11.
gxh5 g5 12. Qe2 Kh8 13. O-O-O Rg8 14. Rdg1 c5 15. e4 cxd4 16. e5 Nh7 17. Qe4 Nf8 18.
Nxg5 Rxg5 19. Rxg5 Bxg5 20. f4 Bh6 21. Qxd4 Be6 22.
Rg1 dxe5 23. Qxe5+ f6 24. Qe4 Qd5 25. Qe3 Rc8 26. Nb3 a5 27. Nd4 Qe5 28. Qxe5 fxe5 29. Nxe6 Nxe6 30. Rg6 Bxf4+ 31. Kd1 Nc5 32. Bf5 Rd8+ 33.
Ke2 e4 34. h6 Rd6 35. Rg7 Bxh6 36. Rxe7 e3 37. c3 Rd2+ 38. Ke1 Bg5 39. Rc7 Nd3+ 40. Bxd3 Rxd3 41. Ke2 Rd2+ 42. Kf3 Rf2+ 0-1

[Event "*** Titled Tuesday Blitz"]
[Site "Chess.com"]
[Date "2020.05.05"]
[Round "8"]
[White "Orest_Vovk"]
[Black "ZarinaShafigullina"]
[Result "1-0"]
[WhiteElo "2420"]
[BlackElo "2247"]
[TimeControl "180+1"]
[EndTime "11:35:19 PDT"]
[Termination "Orest_Vovk won by resignation"]

1. g4 d5 2. h3 e5 3. Bg2 Nf6 4. d4 e4 5. c4 c6 6. Nc3 Bb4 7. Qb3 Bxc3+ 8. Qxc3 h5 9. g5 Ng8 10. cxd5 cxd5 11. Bf4 Nc6 12. g6 fxg6 13. e3 Nge7 14.
Ne2 Nf5 15. h4 Nxh4 16. Rxh4 Qxh4 17. Bg3 Qg5 18. Nf4 h4 19. Bh2 O-O 20. O-O-O Nd8 21. Qb3 Be6 22. Rg1 Rc8+ 23. Kb1 Qe7 24. Nxg6 Qf7 25. Nxf8 Kxf8 26. a3 g5 27. Be5 Ke8 28. Bf1 Qxf2 29. Bb5+ Nc6 30. Rxg5 h3 31. Rh5 Qf7 32.
Rh6 a6 33. Be2 Nxe5 34. Bh5 h2 35. Bxf7+ Nxf7 36. Rxh2 b5 37. Qb4 Kd7 38. Rh7 Rc4 39. Qf8 Kc6 40. Rxf7 Bxf7 41. Qxf7 a5 42. Qe6+ Kc7 43.
Qxd5 Rc6 44. Qxb5 Rb6 45. Qxa5 1-0

[Event "*** Titled Tuesday Blitz"]
[Site "Chess.com"]
[Date "2020.05.05"]
[Round "8"]
[White "MikaelyanArman"]
[Black "AleksanderHnydiuk"]
[Result "0-1"]
[WhiteElo "2718"]
[BlackElo "2576"]
[TimeControl "180+1"]
[EndTime "11:35:20 PDT"]
[Termination "AleksanderHnydiuk won by resignation"]

1. e4 c5 2. Nc3 Nc6 3. Bb5 Nd4 4. Nf3 e6 5. O-O a6 6. Bd3 Ne7 7. Nxd4 cxd4 8. Ne2 Nc6 9. c3 Bc5 10. b4 Ba7 11. a4 O-O 12. b5 Ne5 13. Bb1 dxc3 14.
d4 Ng6 15. Nxc3 d6 16. Ba3 Re8 17. Qd2 e5 18. dxe5 Nxe5 19. Ba2 Be6 20. Bxe6 Rxe6 21. Nd5 Qh4 22. b6 Bxb6 23. Rab1 Ba7 24. Rxb7 Kh8 25. Qf4 Qh5 26. Rfb1 h6 27. h3 Rg6 28. Rxa7 Rxa7 29. Rb8+ Kh7 30. Bxd6 Rxd6 31. g4 Rg6 32. Kf1 Qxh3+ 33.
Ke1 Nd3+ 0-1

[Event "*** Titled Tuesday Blitz"]
[Site "Chess.com"]
[Date "2020.05.05"]
[Round "8"]
[White "Gergo85"]
[Black "xamax2000"]
[Result "0-1"]
[WhiteElo "2539"]
[BlackElo "2707"]
[TimeControl "180+1"]
[EndTime "11:35:20 PDT"]
[Termination "xamax2000 won by resignation"]

1. e4 c5 2. Nf3 e6 3. d4 cxd4 4. Nxd4 Nc6 5. Nc3 d6 6. Be2 Nf6 7. O-O Be7 8. Be3 O-O 9. f4 Bd7 10. Nb3 a6 11. a4 e5 12. a5 exf4 13. Bxf4 Be6 14. Nd4 Nxd4 15. Qxd4 Qc7 16. Kh1 Nd7 17. Nd5 Bxd5 18. Qxd5 Ne5 19. Bxe5 dxe5 20. Qb3 Rac8 21. c3 Bf6 22. Rad1 Rfd8 23. Rxd8+ Rxd8 24. Bc4 h5 25. Bd5 Rd7 26. Qa4 Re7 27. h3 Qc5 28. Qd1 h4 29. Qg4 Kf8 30. Qc8+ Qxc8 0-1

[Event "*** Titled Tuesday Blitz"]
[Site "Chess.com"]
[Date "2020.05.05"]
[Round "8"]
[White "manmanlai1"]
[Black "hazy13"]
[Result "1-0"]
[WhiteElo "2338"]
[BlackElo "2187"]
[TimeControl "180+1"]
[EndTime "11:35:20 PDT"]
[Termination "manmanlai1 won on time"]

1. e4 c5 2. Nf3 g6 3. Bc4 Nc6 4.
O-O Bg7 5. c3 e6 6. d4 cxd4 7.
cxd4 d5 8. exd5 exd5 9. Bb3 Nge7 10.
h3 h6 11. Nc3 O-O 12. Bf4 Be6 13. Ne5 Rc8 14. Re1 Nf5 15. Nxc6 Rxc6 16. Be5 Qg5 17.
Bxd5 Rxc3 18. Bxe6 Rxh3 19. Bxf5 gxf5 20. Qc1 Rd3 21.
Qc4 Rd2 22. Re2 Bxe5 23. dxe5 Re8 24. Rae1 Rxe2 25. Qxe2 f4 26. Qe4 h5 27. Qxb7 h4 28.
Kh2 Re6 29. Qxa7 Kg7 30. Qa3 Rg6 31. Qf3 Qf5 32. a4 Rh6 33. a5 Ra6 34. b4 1-0

[Event "*** Titled Tuesday Blitz"]
[Site "Chess.com"]
[Date "2020.05.05"]
[Round "8"]
[White "Bossche-CM"]
[Black "MartinCerveny"]
[Result "0-1"]
[WhiteElo "2453"]
[BlackElo "2596"]
[TimeControl "180+1"]
[EndTime "11:35:22 PDT"]
[Termination "MartinCerveny won by resignation"]

1. e4 c5 2. b3 Nc6 3. Bb2 a6 4. Nf3 d6 5. c4 Nf6 6. Nc3 Bg4 7. h3 Bxf3 8. Qxf3 e6 9. g4 Be7 10. g5 Nd7 11. h4 Nd4 12. Qd1 h5 13. f4 Qc7 14.
Ne2 Qc6 15. Bg2 e5 16. f5 Nxf5 17. Nc3 Nd4 18. Nd5 Nf8 19. b4 Nfe6 20. Bf3 g6 21. d3 Nc7 22. Bxd4 cxd4 23. b5 axb5 24. cxb5 Nxb5 25. Qb3 Nc3 26. Rc1 Rc8 27. O-O Bd8 28. Rc2 O-O 29. Rfc1 Ba5 30. Nf6+ Kg7 31. Nd5 Qa6 32. Ne7 Rc7 33. Nd5 Rc6 34. Ne7 Rb6 35. Qa3 Bb4 36. Bg2 0-1

[Event "*** Titled Tuesday Blitz"]
[Site "Chess.com"]
[Date "2020.05.05"]
[Round "8"]
[White "Happy1712Drummer"]
[Black "ljuks68"]
[Result "0-1"]
[WhiteElo "2515"]
[BlackElo "2389"]
[TimeControl "180+1"]
[EndTime "11:35:22 PDT"]
[Termination "ljuks68 won on time"]

1. Nf3 d5 2. d4 Nf6 3. c4 c6 4. Nc3 dxc4 5. a4 Bf5 6. Ne5 Na6 7. f3 Nd7 8. Nxc4 e5 9. e4 exd4 10. exf5 dxc3 11. bxc3 Qf6 12. Qc2 O-O-O 13. Be3 Bc5 14.
O-O-O Rhe8 15. Bf4 Nb6 16. Nxb6+ axb6 17. Bxa6 bxa6 18. Rxd8+ Rxd8 19. Rd1 Rxd1+ 20. Kxd1 Qd8+ 21. Ke2 Qd5 22. Qe4 Qxe4+ 23. fxe4 b5 24. axb5 cxb5 25. Kd3 a5 26. e5 Kd7 27. g4 g6 28. Kc2 a4 29.
Kb2 Kc6 30. h4 Kd5 31. e6 gxf5 32. exf7 fxg4 33. Be3 Bf8 34. c4+ Kxc4 0-1

[Event "*** Titled Tuesday Blitz"]
[Site "Chess.com"]
[Date "2020.05.05"]
[Round "8"]
[White "MisiekZielony"]
[Black "Spring199"]
[Result "1-0"]
[WhiteElo "2175"]
[BlackElo "2353"]
[TimeControl "180+1"]
[EndTime "11:35:22 PDT"]
[Termination "MisiekZielony won by resignation"]

1. c4 e6 2. Nc3 d5 3. d4 Bb4 4.
Nf3 Nf6 5. cxd5 Nxd5 6. Bd2 O-O 7.
Nxd5 Bxd2+ 8. Qxd2 exd5 9. e3 c6 10. Bd3 Bg4 11. Ne5 Be6 12. Qc2 h6 13. O-O Nd7 14.
f4 Nf6 15. h3 Rc8 16. Rac1 Qd6 17. g4 Rc7 18. a3 b6 19. b4 h5 20. f5 Bd7 21. g5 Ne8 22. f6 gxf6 23. gxf6 Nxf6 24.
Qh2 Rd8 25. Rf2 Be8 26. Rcf1 Ne4 27. Bxe4 dxe4 28. Rg2+ Kh8 29. Qg3 Qf8 30. Ng6+ fxg6 31. Rxf8+ Kg7 32. Qxc7+ 1-0

[Event "*** Titled Tuesday Blitz"]
[Site "Chess.com"]
[Date "2020.05.05"]
[Round "8"]
[White "TheoSlade"]
[Black "profofchess"]
[Result "0-1"]
[WhiteElo "2261"]
[BlackElo "2445"]
[TimeControl "180+1"]
[EndTime "11:35:22 PDT"]
[Termination "profofchess won on time"]

1. d4 Nf6 2. c4 c5 3. d5 e6 4. Nc3 exd5 5. cxd5 d6 6. e4 g6 7. Bd3 Bg7 8. h3 O-O 9. Nf3 a6 10. a4 Re8 11. O-O Qe7 12. Bf4 Nbd7 13. Qc2 Nh5 14. Bh2 Ne5 15. Be2 Nxf3+ 16. Bxf3 Be5 17. Bxh5 Bxh2+ 18. Kxh2 Qe5+ 19. Kg1 Qxh5 20. Rfe1 Bd7 21. a5 Rab8 22. Na4 Bb5 23. Nb6 Re7 24. Rab1 Rbe8 25. b4 c4 26. Re3 f5 27. Nxc4 Bxc4 28.
Qxc4 fxe4 29. Rbe1 Qf5 30. f3 exf3 31. g4 f2+ 32. Kg2 fxe1=Q 33. Rxe1 Qf6 34. Rf1 Re2+ 35. Kg1 Re1 36. Kg2 R8e2+ 37. Kg3 Qxf1 38. Qc8+ Re8 39.
Qxe8+ Rxe8 0-1

[Event "*** Titled Tuesday Blitz"]
[Site "Chess.com"]
[Date "2020.05.05"]
[Round "8"]
[White "TERMINATOR_PC"]
[Black "EvgenyRomanov"]
[Result "0-1"]
[WhiteElo "2462"]
[BlackElo "2643"]
[TimeControl "180+1"]
[EndTime "11:35:23 PDT"]
[Termination "EvgenyRomanov won on time"]

1. e4 c5 2. Nc3 Nc6 3. g3 g6 4.
Bg2 Bg7 5. d3 d6 6. Be3 e5 7. Nh3 Nge7 8. O-O Nd4 9. f4 exf4 10.
Nxf4 O-O 11. Qd2 h6 12. Nfd5 Nxd5 13. Nxd5 Kh7 14. c3 Nc6 15. Rf2 Ne5 16. h3 Be6 17. Nf4 Bd7 18. b3 Rc8 19. d4 cxd4 20. cxd4 Nc6 21.
Raf1 Ne7 22. g4 Bb5 23. Nd3 Kg8 24. Rd1 Bxd3 25. Qxd3 Qa5 26. Bf4 Nc6 27. Qd2 Bxd4 28. Qxa5 Bxf2+ 29. Kxf2 Nxa5 30. Bxd6 Rc2+ 31. Kf1 Rd8 32.
e5 Nc6 33. Bd5 Rxa2 34. b4 Rc2 35. Bb3 Rb2 36. Bd5 Nxb4 37. Bc4 Nc6 38. Ra1 Re8 0-1

[Event "*** Titled Tuesday Blitz"]
[Site "Chess.com"]
[Date "2020.05.05"]
[Round "8"]
[White "Abund"]
[Black "Ladislav1969"]
[Result "1-0"]
[WhiteElo "2618"]
[BlackElo "2349"]
[TimeControl "180+1"]
[EndTime "11:35:23 PDT"]
[Termination "Abund won by resignation"]

1. Nf3 Nf6 2. c4 d5 3. cxd5 Nxd5 4. d4 g6 5. e4 Nb6 6. h3 Bg7 7. Nc3 O-O 8. Be3 Be6 9. d5 Bd7 10.
Be2 c6 11. d6 exd6 12. Qxd6 Be6 13. Qf4 Nc4 14. Bxc4 Bxc4 15. e5 Ba6 16. Ne4 Nd7 17.
O-O-O Qa5 18. Rxd7 Qxa2 19. Rhd1 Bc4 20. Nc3 Qa6 21.
Nd2 Bd3 22. Qa4 Bxe5 23. Qxa6 Bxa6 24. Nde4 f5 25. Nc5 Bc4 26. Rxb7 Rab8 27. Rxb8 Rxb8 28. Nd7 Bxc3 29. Nxb8 Be5 30. Rd8+ Kf7 31. Nxc6 Bc7 32. Rd7+ 1-0

[Event "*** Titled Tuesday Blitz"]
[Site "Chess.com"]
[Date "2020.05.05"]
[Round "8"]
[White "Gromes7"]
[Black "tan275"]
[Result "1/2-1/2"]
[WhiteElo "2106"]
[BlackElo "2176"]
[TimeControl "180+1"]
[EndTime "11:35:23 PDT"]
[Termination "Game drawn by repetition"]

1. d4 d5 2. Nf3 e6 3. g3 c5 4. Bg2 Nf6 5. O-O Nc6 6. c4 dxc4 7.
Qa4 cxd4 8. Nxd4 Bd7 9. Nxc6 bxc6 10. Bxc6 Rc8 11. Bxd7+ Qxd7 12. Qc2 Be7 13. Nc3 O-O 14. Rd1 Qb7 15. Bg5 h6 16. Bxf6 Bxf6 17. Rd2 Rb8 18. Rad1 Qb4 19. Ne4 Bxb2 20. Rb1 c3 21. Rd7 Qa3 22. h4 a5 23. g4 Rfd8 24.
Rxd8+ Rxd8 25. g5 hxg5 26. Nxg5 g6 27. h5 Qc5 28. Nxf7 Kxf7 29. Qxg6+ Ke7 30. Qg7+ Ke8 31. Qg6+ Ke7 32. Qg7+ Ke8 33. Qg6+ Kf8 34. Qf6+ Ke8 35. Qg6+ 1/2-1/2

[Event "*** Titled Tuesday Blitz"]
[Site "Chess.com"]
[Date "2020.05.05"]
[Round "8"]
[White "Xeslu"]
[Black "Boninknights"]
[Result "1-0"]
[WhiteElo "2371"]
[BlackElo "2159"]
[TimeControl "180+1"]
[EndTime "11:35:24 PDT"]
[Termination "Xeslu won by checkmate"]

1. e4 c6 2. d4 a6 3. g3 d5 4.
e5 Bf5 5. Bg2 e6 6. Nf3 c5 7. O-O Nc6 8. c3 Bg4 9. Be3 Nge7 10. Nbd2 Nf5 11. Qb3 Qc7 12. Rac1 Be7 13. h3 Nxe3 14. fxe3 Bh5 15. g4 Bg6 16. c4 dxc4 17.
Nxc4 O-O 18. Nb6 Rad8 19. Na4 cxd4 20. exd4 Be4 21. Nc5 Bxf3 22. Qxf3 Nxd4 23. Qxb7 Ne2+ 24. Kh1 Qxb7 25. Nxb7 Rd2 26. Rfd1 Rxb2 27. Rc7 Bh4 28. a4 Bg3 29. a5 Bxe5 30. Rcd7 Ng3+ 31. Kg1 f5 32.
gxf5 Nxf5 33. Bc6 Nh4 34. Nd8 Bf4 35. Nxe6 Be3+ 36. Kh1 Rff2 37. Rxg7+ Kh8 38. Rd8+ Rf8 39. Rxf8# 1-0

[Event "*** Titled Tuesday Blitz"]
[Site "Chess.com"]
[Date "2020.05.05"]
[Round "8"]
[White "evgenyermolaev"]
[Black "BvsN"]
[Result "1-0"]
[WhiteElo "2612"]
[BlackElo "2390"]
[TimeControl "180+1"]
[EndTime "11:35:25 PDT"]
[Termination "evgenyermolaev won by resignation"]

1. e4 c5 2. Nf3 e6 3. d4 cxd4 4. Nxd4 Nf6 5. Nc3 Nc6 6. Ndb5 Bc5 7. Nd6+ Ke7 8. Bf4 e5 9. Nxc8+ Rxc8 10. Bg5 Bb4 11. Bc4 Nd4 12. Bb3 Rxc3 13. bxc3 Bxc3+ 14. Bd2 Bxa1 15. Qxa1 Nxe4 16. Bb4+ d6 17. O-O Qb6 18.
Ba3 f6 19. Qe1 Ng5 20. Qd1 Rc8 21. Kh1 Nxb3 22. axb3 Qd4 23. Qe2 Ne6 24. Rd1 Nf4 25. Qg4 Qc3 26. Qxg7+ Ke8 27. Qg8+ Ke7 28. Bxd6+ Kd7 29.
Bxe5+ Ke7 30. Qg7+ Ke8 31. Bxc3 1-0

[Event "*** Titled Tuesday Blitz"]
[Site "Chess.com"]
[Date "2020.05.05"]
[Round "8"]
[White "doons21"]
[Black "ezkybel"]
[Result "1/2-1/2"]
[WhiteElo "2593"]
[BlackElo "2462"]
[TimeControl "180+1"]
[EndTime "11:35:25 PDT"]
[Termination "Game drawn by repetition"]

1. e4 e6 2. d3 d5 3. Nd2 f5 4. exf5 exf5 5. Ngf3 Bd6 6. g3 Nf6 7. Bg2 O-O 8. O-O c5 9. c4 d4 10. b4 cxb4 11. Bb2 Nc6 12. Nxd4 Nxd4 13. Bxd4 Qc7 14.
Re1 Bd7 15. Nf3 Rae8 16. Qb3 Kh8 17. Rxe8 Rxe8 18. Ng5 Bc5 19. Bxf6 gxf6 20. Nf3 Bc6 21. Qb2 Bxf3 22. Qxf6+ Qg7 23. Qxg7+ Kxg7 24. Bxf3 b6 25. Rd1 Rd8 26. Bd5 Bd4 27. Re1 Rd7 28. Re8 a5 29.
Ra8 Bc5 30. Kf1 Kf6 31. Re8 Re7 32. Rxe7 Kxe7 33. Bc6 Kf6 34. f4 Ke6 35. Ke2 Kf6 36.
Kf3 Ke6 37. h3 Kf6 38. Bd7 h5 39. Be8 Ke7 40. Bb5 Kf6 41. g4 fxg4+ 42. hxg4 hxg4+ 43. Kxg4 Bd4 44. Kf3 Ke6 45. Ke4 Bg7 46. d4 Kd6 47. Ba4 Bf6 48. Bd1 Bh4 49. Bb3 Bf6 50. Bc2 Bh4 51. Ba4 Bf6 52. Bb5 Bh4 53. Kf5 Bf2 54. Ke4 Bh4 55. Ba4 Bf6 1/2-1/2

[Event "*** Titled Tuesday Blitz"]
[Site "Chess.com"]
[Date "2020.05.05"]
[Round "8"]
[White "vangulio"]
[Black "SharapovEvgeny"]
[Result "1-0"]
[WhiteElo "2557"]
[BlackElo "2373"]
[TimeControl "180+1"]
[EndTime "11:35:25 PDT"]
[Termination "vangulio won by resignation"]

1. e4 c5 2. Nf3 d6 3. d4 cxd4 4.
Nxd4 Nf6 5. Nc3 Nc6 6. f3 e5 7.
Nb3 Be7 8. Be3 O-O 9. Qd2 a5 10. a4 Nb4 11. O-O-O Be6 12. Kb1 Rc8 13. g4 d5 14. g5 Nd7 15. Nxd5 Bxd5 16. exd5 Rxc2 17. Qe1 Bxg5 18. Bxg5 Qxg5 19. Nxa5 Qf4 20. Bd3 Nxd3 21. Rxd3 Rfc8 22. Qe4 Rc1+ 23. Rxc1 Qxc1+ 24. Ka2 Nc5 25. Qe3 Nxd3 26. Qxd3 Qc5 27. Nxb7 Qc4+ 28. Qxc4 Rxc4 29. b3 Rc7 30. Na5 f5 31. Nc6 e4 32. fxe4 fxe4 33.
a5 e3 34. Nd4 Rd7 35. b4 Rxd5 36. Nf3 e2 37. a6 Kf7 38. a7 Rd8 39. b5 Ra8 40. b6 Ke6 41. Kb3 Kd7 42. b7 Rxa7 43. b8=Q Rc7 44. Qb5+ 1-0

[Event "*** Titled Tuesday Blitz"]
[Site "Chess.com"]
[Date "2020.05.05"]
[Round "8"]
[White "MartinMatthiesen"]
[Black "manuellarrea"]
[Result "1-0"]
[WhiteElo "2441"]
[BlackElo "2195"]
[TimeControl "180+1"]
[EndTime "11:35:25 PDT"]
[Termination "MartinMatthiesen won on time"]

1. e4 c5 2. Nf3 Nc6 3. d4 cxd4 4.
Nxd4 Nf6 5. Nc3 e5 6. Ndb5 d6 7. Nd5 Nxd5 8. exd5 Nb8 9. a4 Be7 10. Be2 O-O 11. Bd2 f5 12. O-O Nd7 13. a5 Nf6 14. c4 Ne4 15. Be3 a6 16. Bb6 Qd7 17. Nc7 Rb8 18. Ne6 Rf6 19. Qc2 h6 20. b4 Ng5 21. Nxg5 hxg5 22. c5 g4 23. c6 bxc6 24. dxc6 Qe8 25. Bc4+ Kh7 26. Bd5 Qh5 27. g3 Rh6 28. f3 gxf3 29. Bxf3 Qg6 30. c7 Rxb6 31.
axb6 e4 32. Bh1 Bf6 33. Rad1 Be5 34. b7 Bxg3 35. hxg3 Qxg3+ 36. Qg2 Qe3+ 37. Rf2 1-0

[Event "*** Titled Tuesday Blitz"]
[Site "Chess.com"]
[Date "2020.05.05"]
[Round "8"]
[White "AlanZhang"]
[Black "allvim"]
[Result "0-1"]
[WhiteElo "2170"]
[BlackElo "2332"]
[TimeControl "180+1"]
[EndTime "11:35:26 PDT"]
[Termination "allvim won on time"]

1. e4 c5 2. Nf3 d6 3. d4 cxd4 4.
Nxd4 Nf6 5. Nc3 a6 6. h3 e5 7. Nb3 Be6 8. f4 Be7 9. f5 Bxb3 10.
axb3 Nc6 11. Be3 Rc8 12. g4 Nb4 13. Bg2 h6 14. O-O O-O 15. Qe2 Qc7 16. h4 Nh7 17. Bf2 Qd8 18. Ra4 a5 19. Rfa1 b6 20. Qb5 Nxc2 21. Bxb6 Qe8 22. Qxe8 Rfxe8 23. Rc1 Nb4 24. Bxa5 Nd3 25. Rc2 Bxh4 26. Rc4 Ra8 27. Bc7 Nf4 28. Ne2 Nxe2+ 29. Rxe2 Nf6 30. Bxd6 Nxg4 31. Ba3 Rad8 0-1

[Event "*** Titled Tuesday Blitz"]
[Site "Chess.com"]
[Date "2020.05.05"]
[Round "8"]
[White "robertofabregas"]
[Black "Antelacus"]
[Result "0-1"]
[WhiteElo "2077"]
[BlackElo "2265"]
[TimeControl "180+1"]
[EndTime "11:35:26 PDT"]
[Termination "Antelacus won by resignation"]

1. c4 e5 2. Nc3 Nf6 3. g3 Bb4 4.
Nd5 Nxd5 5. cxd5 O-O 6. Bg2 d6 7. a3 Bc5 8. e3 a5 9. Ne2 Bg4 10. f3 Bh5 11. O-O Nd7 12. d4 exd4 13. Nxd4 Ne5 14. g4 Bg6 15. Bd2 Bxd4 16. exd4 Nc4 17. Qc1 Nb6 18. f4 Bd3 19. Rf3 Be4 20. Rc3 Bxg2 21. Kxg2 Nxd5 22. Rh3 Qe7 23. Qc4 Qe4+ 24. Kg3 Ne3 25. Re1 Nxc4 26. Rxe4 Nxd2 27. Re7 Rac8 28.
g5 d5 29. f5 Ne4+ 30. Kf4 Rfe8 31. Rd7 Red8 32. Re7 Nd6 33. g6 fxg6 34. fxg6 Rf8+ 35.
Kg4 hxg6 36. Rd7 Rf7 37. Rxf7 0-1

[Event "*** Titled Tuesday Blitz"]
[Site "Chess.com"]
[Date "2020.05.05"]
[Round "8"]
[White "Yaacovn"]
[Black "anon132639"]
[Result "1-0"]
[WhiteElo "2856"]
[BlackElo "2641"]
[TimeControl "180+1"]
[EndTime "11:35:27 PDT"]
[Termination "Yaacovn won by resignation"]

1. d4 Nf6 2. Nf3 g6 3. e3 Bg7 4.
Be2 O-O 5. O-O d6 6. b3 e5 7. dxe5 Ng4 8. Bb2 Nc6 9. c4 Ngxe5 10. Nxe5 dxe5 11. Qc1 Be6 12. Rd1 Qg5 13. Bf3 Rad8 14.
Nc3 f5 15. Bxc6 bxc6 16. Rxd8 Rxd8 17. Qe1 e4 18. Rd1 Re8 19. Qd2 Be5 20. Ne2 Qf6 21.
Bxe5 Qxe5 22. h4 Bf7 23. Qd4 Qxd4 24. Rxd4 Be6 25. Nc3 Kf7 26. Kh2 Kf6 27. Kg3 h6 28. Na4 g5 29. hxg5+ hxg5 30. Nc5 Bc8 31. Rd1 Rh8 32.
f3 exf3 33. Kxf3 Ke5 34. Kf2 a5 35. a4 Be6 36. Nb7 f4 37. Nxa5 fxe3+ 38. Kxe3 c5 39. Nb7 Rh2 40. Rd2 Bc8 41. Nxc5 g4 42. a5 Rh1 43.
Ra2 g3 44. a6 Re1+ 45. Kf3 Kd4 46. a7 Re3+ 47. Kf4 1-0

[Event "*** Titled Tuesday Blitz"]
[Site "Chess.com"]
[Date "2020.05.05"]
[Round "8"]
[White "GelmanAlexander"]
[Black "MaxLeto"]
[Result "1-0"]
[WhiteElo "2518"]
[BlackElo "2329"]
[TimeControl "180+1"]
[EndTime "11:35:27 PDT"]
[Termination "GelmanAlexander won on time"]

1. c4 e5 2. e3 Nf6 3. a3 c5 4. d3 Nc6 5. Nf3 d5 6. cxd5 Nxd5 7. b3 Be7 8. Bb2 f6 9. Nbd2 O-O 10. Rg1 a5 11. g4 a4 12. g5 fxg5 13. bxa4 g4 14. Nxe5 Bh4 15. Nxg4 Nd4 16. exd4 Bxg4 17. Qxg4 Bxf2+ 18. Kd1 Ne3+ 19. Kc1 Nxg4 20. Rxg4 Qd7 21.
Bh3 Qxa4 22. d5 Bd4 23. d6 Bxb2+ 24. Kxb2 Qb5+ 25. Kc3 Rf2 26. Nc4 Rxa3+ 27. Nxa3 Qb2+ 28.
Kc4 Qxa1 29. d7 Rf8 30. Nb5 Qc1+ 31. Kd5 Qh1+ 32. Bg2 Qxh2 33. Kxc5 Qh5+ 34. Bd5+ Kh8 35. Rf4 1-0

[Event "*** Titled Tuesday Blitz"]
[Site "Chess.com"]
[Date "2020.05.05"]
[Round "8"]
[White "Noam_Vitenberg"]
[Black "lucliasco"]
[Result "0-1"]
[WhiteElo "2499"]
[BlackElo "2672"]
[TimeControl "180+1"]
[EndTime "11:35:29 PDT"]
[Termination "lucliasco won on time"]

1. d4 d5 2. c4 dxc4 3. e4 Nf6 4. e5 Nd5 5. Bxc4 Nb6 6. Bb3 Nc6 7. Nf3 Bf5 8. Nc3 e6 9. O-O Be7 10. Be3 O-O 11. Rc1 Nb4 12. Qe2 Bd3 13. Qd2 Bxf1 14.
Kxf1 N4d5 15. Ne4 Nxe3+ 16. fxe3 Nd5 17. Nc5 Bxc5 18. Rxc5 c6 19. Kg1 a5 20. a4 f6 21. Qe2 f5 22. Rc1 Qb6 23. Ba2 Rad8 24. Bb1 Qb4 25. Ng5 Rde8 26. Rf1 h6 27. Nf3 Rf7 28.
e4 Ne7 29. exf5 Nxf5 30. Qe4 Rd8 31. Rd1 Rfd7 32. g4 Rxd4 33. Nxd4 Rxd4 34. Rxd4 Qxd4+ 35. Qxd4 Nxd4 36. Kf2 Nb3 37. Bc2 Nc5 38. Ke3 Nd7 39.
Kd4 Kf7 40. h4 Ke7 41. g5 Kd8 0-1

[Event "*** Titled Tuesday Blitz"]
[Site "Chess.com"]
[Date "2020.05.05"]
[Round "8"]
[White "zala02"]
[Black "mortngabriel"]
[Result "0-1"]
[WhiteElo "2259"]
[BlackElo "2447"]
[TimeControl "180+1"]
[EndTime "11:35:30 PDT"]
[Termination "mortngabriel won by resignation"]

1. d4 Nf6 2. c4 e6 3. Nc3 Bb4 4. Nf3 O-O 5. Bg5 c5 6. e3 Qa5 7. Bxf6 Bxc3+ 8. bxc3 Qxc3+ 9. Nd2 gxf6 10. Rb1 Nc6 11.
Rb3 Qa5 12. Bd3 f5 13. g4 f4 14. g5 cxd4 15. exd4 Nxd4 16. Bxh7+ Kg7 17. Qh5 Nf5 18.
Bxf5 Rh8 19. Qf3 Qxf5 20. Ne4 d5 21. cxd5 exd5 22. Qc3+ Kg8 23. Nf6+ Kf8 24. Rg1 Be6 25. g6 Rg8 26. Qc5+ Kg7 27. gxf7+ Kxf6 28. fxg8=Q Qe4+ 29. Kf1 Bxg8 30. Qc3+ d4 31. Qc4 Bxc4+ 0-1

[Event "*** Titled Tuesday Blitz"]
[Site "Chess.com"]
[Date "2020.05.05"]
[Round "8"]
[White "CzechmVIII"]
[Black "FROGGY64"]
[Result "0-1"]
[WhiteElo "2248"]
[BlackElo "2435"]
[TimeControl "180+1"]
[EndTime "11:35:30 PDT"]
[Termination "FROGGY64 won on time"]

1. e4 c6 2. d4 d5 3. e5 Bf5 4. Nc3 e6 5. g4 Bg6 6. Nge2 c5 7. h4 h5 8. Nf4 cxd4 9. Nxg6 fxg6 10. Nb5 Bb4+ 11.
Bd2 Bxd2+ 12. Qxd2 Nh6 13. Nd6+ Kd7 14. Nxb7 Qb6 15.
Nd6 Nxg4 16. Bb5+ Nc6 17. f4 a6 18. Bxc6+ Qxc6 19. O-O-O Qa4 20. Kb1 Rab8 21. Qd3 Ne3 22. Rc1 Nc4 23. b3 Nxd6 24. exd6 Kxd6 25. Rhg1 Qc4 26.
Qxg6 Rhf8 27. Qxg7 Rxf4 28. Qg3 Rf8 29. Rgf1 Qc3 30. Qxc3 dxc3 31. Rg1 Rxh4 32. Rg7 Rf2 33. Ra7 Rhf4 34. Rxa6+ Ke7 35. Re1 Re4 0-1

[Event "*** Titled Tuesday Blitz"]
[Site "Chess.com"]
[Date "2020.05.05"]
[Round "8"]
[White "MilanovicDan"]
[Black "tigra"]
[Result "0-1"]
[WhiteElo "2520"]
[BlackElo "2806"]
[TimeControl "180+1"]
[EndTime "11:35:31 PDT"]
[Termination "tigra won on time"]

1. d4 Nf6 2. c4 g6 3. Nc3 d5 4.
Bf4 Bg7 5. e3 c5 6. dxc5 Qa5 7.
Rc1 O-O 8. cxd5 Ne4 9. Ne2 Nxc5 10. a3 e5 11. Bg3 Nba6 12. b4 Qxa3 13. bxc5 Nxc5 14.
f3 Bd7 15. Kf2 Rac8 16. d6 Bf5 17. Ra1 Qb2 18. Ra2 Qb6 19. Kg1 Nd3 20. Bf2 Rfd8 21.
g4 Rxd6 22. Rd2 Rcd8 23. Qa1 Nxf2 24. Rxd6 Rxd6 25. Kxf2 Rd3 26. Qc1 Bh6 27. Nd1 Rxd1 28. Qxd1 Qxe3+ 29. Kg2 e4 0-1

[Event "*** Titled Tuesday Blitz"]
[Site "Chess.com"]
[Date "2020.05.05"]
[Round "8"]
[White "Matibar"]
[Black "Borsuk_Konstantin"]
[Result "1-0"]
[WhiteElo "2800"]
[BlackElo "2630"]
[TimeControl "180+1"]
[EndTime "11:35:31 PDT"]
[Termination "Matibar won on time"]

1. e4 e6 2. Qe2 d5 3. exd5 Qxd5 4. Nc3 Qd8 5. g3 Bd7 6. Bg2 Bc6 7. Nf3 Nf6 8. O-O Bb4 9. a3 Bxc3 10. bxc3 Nbd7 11. c4 O-O 12. Bb2 Nc5 13. Qe3 Na4 14. Bd4 Re8 15.
Rae1 Nd7 16. Qf4 f6 17. Ba1 e5 18. Qh4 Nf8 19. d3 Ng6 20. Qh5 Qd6 21. h4 Nc5 22. Nd2 Bxg2 23. Kxg2 Ne6 24. Qg4 Qc6+ 25. Kh2 Rad8 26.
h5 Ngf8 27. Ne4 Nc5 28. Nc3 Qe6 29. Qf3 Qf7 30. h6 Nfe6 31. hxg7 Nd4 32. Qd1 c6 33. Ne4 Nxe4 34. Rxe4 f5 35. Rh4 c5 36. Kg2 Qxg7 37.
Rfh1 Rd7 38. Bxd4 1-0